TOP OF THE 1ST |
Arizona Diamondbacks batting - Pitching for Los Angeles Dodgers : RHP Mike Foltynewicz
|
Pitching: RHP Mike Foltynewicz
|
|
Batting: RHB Ramon Laureano
|
0-0: SINGLE (Groundball, 4S, EV 69.4 MPH) (infield hit)
|
Batting: RHB Fernando Tatis Jr.
|
0-0: Foul Ball, location: 2F 0-1: Ball 1-1: Ball 2-1: Called Strike 2-2: Foul Ball, location: 2F 2-2: Strikes out looking
|
Batting: RHB Gleyber Torres
|
0-0: Called Strike 0-1: Called Strike 0-2: Ball Ramon Laureano steals 2nd, throwing error, E2 Ramon Laureano to third 1-2: Foul Ball, location: 2F 1-2: Ball 2-2: Fly out, F4 (Line Drive, 4, EV 69.4 MPH)
|
Batting: RHB Anthony Rendon
|
0-0: Fly out, F9 (Flyball, 9, EV 88.8 MPH)
|
Top of the 1st over - 0 runs, 1 hit, 1 error, 1 left on base; Arizona 0 - Los Angeles 0 |
BOTTOM OF THE 1ST |
Los Angeles Dodgers batting - Pitching for Arizona Diamondbacks : RHP Dinelson Lamet
|
Pitching: RHP Dinelson Lamet
|
|
Batting: RHB Mookie Betts
|
0-0: DOUBLE (Line Drive, 9LD, EV 105.0 MPH)
|
Batting: RHB Jesus Aguilar
|
0-0: Ball 1-0: Swinging Strike 1-1: SINGLE (Line Drive, 4MD, EV 101.3 MPH) Mookie Betts to third
|
Batting: LHB Michael Brantley
|
0-0: Called Strike 0-1: Ball 1-1: Ball 2-1: Ball 3-1: Base on Balls Jesus Aguilar to second
|
Batting: SHB Eduardo Escobar
|
0-0: Ball 1-0: Called Strike 1-1: Foul Ball, location: 2F 1-2: Ball 2-2: Grounds into double play, 3-6-3 (Groundball, 3, EV 104.4 MPH) Mookie Betts scores Jesus Aguilar to third
|
Batting: RHB Jonathan Schoop
|
0-0: Called Strike 0-1: Ball 1-1: Foul Ball, location: 2F 1-2: 2-RUN HOME RUN (Flyball, 7D, EV 98.1 MPH), Distance : 381 ft
|
Batting: RHB Randal Grichuk
|
0-0: SOLO HOME RUN (Line Drive, 7D, EV 101.9 MPH), Distance : 391 ft
|
Batting: LHB Dom Nunez
|
0-0: Fly out, F8 (Flyball, 8LM, EV 99.4 MPH)
|
Bottom of the 1st over - 4 runs, 4 hits, 0 errors, 0 left on base; Arizona 0 - Los Angeles 4 |
TOP OF THE 2ND |
Arizona Diamondbacks batting - Pitching for Los Angeles Dodgers : RHP Mike Foltynewicz
|
Batting: LHB Alex Verdugo
|
0-0: Ball 1-0: Ball 2-0: Called Strike 2-1: Foul Ball, location: 2F 2-2: Strikes out swinging
|
Batting: LHB Ryan McMahon
|
0-0: Called Strike 0-1: Ball 1-1: Fly out, F9 (Line Drive, 9, EV 87.5 MPH)
|
Batting: SHB Francisco Mejia
|
0-0: Called Strike 0-1: Swinging Strike 0-2: Ball 1-2: Ball 2-2: Ball 3-2: Strikes out swinging
|
Top of the 2nd over - 0 runs, 0 hits, 0 errors, 0 left on base; Arizona 0 - Los Angeles 4 |
BOTTOM OF THE 2ND |
Los Angeles Dodgers batting - Pitching for Arizona Diamondbacks : RHP Dinelson Lamet
|
Batting: SHB Richard Urena
|
0-0: Called Strike 0-1: Called Strike 0-2: Ball 1-2: Strikes out swinging
|
Batting: RHB Mike Foltynewicz
|
0-0: Ball 1-0: Ground out 6-3 (Groundball, 6S, EV 88.1 MPH)
|
Batting: RHB Mookie Betts
|
0-0: Foul Ball, location: 2F 0-1: Swinging Strike 0-2: Foul Ball, location: 2F 0-2: Ball 1-2: Ball 2-2: SOLO HOME RUN (Flyball, 78XD, EV 88.1 MPH), Distance : 477 ft
|
Batting: RHB Jesus Aguilar
|
0-0: Ball 1-0: Foul Ball, location: 2F 1-1: Fly out, F9 (Flyball, 9LM, EV 80.0 MPH)
|
Bottom of the 2nd over - 1 run, 1 hit, 0 errors, 0 left on base; Arizona 0 - Los Angeles 5 |
TOP OF THE 3RD |
Arizona Diamondbacks batting - Pitching for Los Angeles Dodgers : RHP Mike Foltynewicz
|
Batting: LHB Raimel Tapia
|
0-0: Foul Ball, location: 2F 0-1: Fly out, F8 (Flyball, 8LM, EV 98.1 MPH)
|
Batting: RHB Dinelson Lamet
|
0-0: Ball 1-0: Ball 2-0: Fly out, F6 (Popup, 6D, EV 48.8 MPH)
|
Batting: RHB Ramon Laureano
|
0-0: Fly out, F5 (Line Drive, 5, EV 66.3 MPH)
|
Top of the 3rd over - 0 runs, 0 hits, 0 errors, 0 left on base; Arizona 0 - Los Angeles 5 |
BOTTOM OF THE 3RD |
Los Angeles Dodgers batting - Pitching for Arizona Diamondbacks : RHP Dinelson Lamet
|
Batting: LHB Michael Brantley
|
0-0: Fly out, F6 (Popup, 6M, EV 70.6 MPH)
|
Batting: SHB Eduardo Escobar
|
0-0: Called Strike 0-1: Swinging Strike 0-2: Ground out 6-3 (Groundball, 6M, EV 79.4 MPH)
|
Batting: RHB Jonathan Schoop
|
0-0: Ball 1-0: Ball 2-0: Called Strike 2-1: Foul Ball, location: 2F 2-2: Strikes out looking
|
Bottom of the 3rd over - 0 runs, 0 hits, 0 errors, 0 left on base; Arizona 0 - Los Angeles 5 |
TOP OF THE 4TH |
Arizona Diamondbacks batting - Pitching for Los Angeles Dodgers : RHP Mike Foltynewicz
|
Batting: RHB Fernando Tatis Jr.
|
0-0: Ball 1-0: Called Strike 1-1: Called Strike 1-2: Fly out, F7 (Flyball, 78S, EV 80.0 MPH)
|
Batting: RHB Gleyber Torres
|
0-0: Called Strike 0-1: Fly out, F7 (Flyball, 78D, EV 80.6 MPH)
|
Batting: RHB Anthony Rendon
|
0-0: Called Strike 0-1: Fly out, F9 (Line Drive, 9, EV 90.0 MPH)
|
Top of the 4th over - 0 runs, 0 hits, 0 errors, 0 left on base; Arizona 0 - Los Angeles 5 |
BOTTOM OF THE 4TH |
Los Angeles Dodgers batting - Pitching for Arizona Diamondbacks : RHP Dinelson Lamet
|
Batting: RHB Randal Grichuk
|
0-0: Foul Ball, location: 2F 0-1: Ball 1-1: Ball 2-1: Foul Ball, location: 2F 2-2: Strikes out swinging
|
Batting: LHB Dom Nunez
|
0-0: Ball 1-0: Called Strike 1-1: Ball 2-1: Foul Ball, location: 2F 2-2: Strikes out swinging
|
Batting: SHB Richard Urena
|
0-0: Ball 1-0: Ball 2-0: SINGLE (Line Drive, 6MD, EV 106.3 MPH)
|
Batting: RHB Mike Foltynewicz
|
0-0: Fly out, F9 (Line Drive, 9, EV 94.4 MPH)
|
Bottom of the 4th over - 0 runs, 1 hit, 0 errors, 1 left on base; Arizona 0 - Los Angeles 5 |
TOP OF THE 5TH |
Arizona Diamondbacks batting - Pitching for Los Angeles Dodgers : RHP Mike Foltynewicz
|
Batting: LHB Alex Verdugo
|
0-0: Fly out, F8 (Flyball, 8RD, EV 100.0 MPH)
|
Batting: LHB Ryan McMahon
|
0-0: Ball 1-0: Ground out U3 (Groundball, 34S, EV 83.8 MPH)
|
Batting: SHB Francisco Mejia
|
0-0: Called Strike 0-1: Ground out 3-1 (Groundball, 34S, EV 70.0 MPH)
|
Top of the 5th over - 0 runs, 0 hits, 0 errors, 0 left on base; Arizona 0 - Los Angeles 5 |
BOTTOM OF THE 5TH |
Los Angeles Dodgers batting - Pitching for Arizona Diamondbacks : RHP Dinelson Lamet
|
Pitching: RHP Julio Teheran
|
|
Batting: RHB Mookie Betts
|
0-0: Called Strike 0-1: Ball 1-1: Swinging Strike 1-2: Ball 2-2: Strikes out swinging
|
Batting: RHB Jesus Aguilar
|
0-0: Fly out, F7 (Flyball, 78S, EV 75.6 MPH)
|
Batting: LHB Michael Brantley
|
0-0: Ball 1-0: Swinging Strike 1-1: Ball 2-1: Ball 3-1: SOLO HOME RUN (Flyball, 7D, EV 95.6 MPH), Distance : 371 ft
|
Batting: SHB Eduardo Escobar
|
0-0: Ball 1-0: Foul Ball, location: 2F 1-1: Ball 2-1: Fly out, F7 (Flyball, 78S, EV 87.5 MPH)
|
Bottom of the 5th over - 1 run, 1 hit, 0 errors, 0 left on base; Arizona 0 - Los Angeles 6 |
TOP OF THE 6TH |
Arizona Diamondbacks batting - Pitching for Los Angeles Dodgers : RHP Mike Foltynewicz
|
Batting: LHB Raimel Tapia
|
0-0: Foul Ball, location: 2F 0-1: Ball 1-1: SOLO HOME RUN (Line Drive, 9LD, EV 98.1 MPH), Distance : 361 ft
|
Pinch Hitting: LHB Josh Reddick
|
0-0: Called Strike 0-1: Ball 1-1: Ground out U3 (Groundball, 3, EV 100.6 MPH)
|
Batting: RHB Ramon Laureano
|
0-0: Ball 1-0: Called Strike 1-1: Swinging Strike 1-2: SOLO HOME RUN (Flyball, 7D, EV 110.0 MPH), Distance : 370 ft
|
Batting: RHB Fernando Tatis Jr.
|
0-0: Foul Ball, location: 2F 0-1: Ball 1-1: Ball 2-1: SINGLE (Groundball, 56D, EV 96.3 MPH)
|
Batting: RHB Gleyber Torres
|
0-0: Called Strike 0-1: Ball 1-1: Foul Ball, location: 2F 1-2: Ball 2-2: Ball 3-2: Foul Ball, location: 2F 3-2: Base on Balls Fernando Tatis Jr. to second
|
Batting: RHB Anthony Rendon
|
0-0: Foul Ball, location: 2F 0-1: Ball Fernando Tatis Jr. steals 3rd base Gleyber Torres to second 1-1: Swinging Strike 1-2: Ball 2-2: Foul Ball, location: 2F 2-2: Ball Wild Pitch! Fernando Tatis Jr. scores Gleyber Torres to third 3-2: Fly out, F4 (Popup, 4MD, EV 43.8 MPH)
|
Batting: LHB Alex Verdugo
|
0-0: Ball 1-0: Foul Ball, location: 2F 1-1: Fly out, F7 (Flyball, 78D, EV 93.1 MPH)
|
Top of the 6th over - 3 runs, 3 hits, 0 errors, 1 left on base; Arizona 3 - Los Angeles 6 |
BOTTOM OF THE 6TH |
Los Angeles Dodgers batting - Pitching for Arizona Diamondbacks : RHP Julio Teheran
|
Pitching: RHP Kodi Whitley
|
|
Batting: RHB Jonathan Schoop
|
0-0: Fly out, F6 (Line Drive, 6, EV 73.8 MPH)
|
Batting: RHB Randal Grichuk
|
0-0: Ball 1-0: Foul Ball, location: 2F 1-1: Fly out, F8 (Line Drive, 8RM, EV 98.8 MPH)
|
Batting: LHB Dom Nunez
|
0-0: Foul Ball, location: 2F 0-1: Ball 1-1: Ball 2-1: Foul Ball, location: 2F 2-2: Ball 3-2: Foul Ball, location: 2F 3-2: Foul Ball, location: 2F 3-2: Base on Balls
|
Batting: SHB Richard Urena
|
0-0: Ball 1-0: Ball 2-0: Called Strike 2-1: Ball 3-1: Foul Ball, location: 2F 3-2: Base on Balls Dom Nunez to second
|
Batting: RHB Mike Foltynewicz
|
0-0: Ball 1-0: Ground out 4-3 (Groundball, 4, EV 81.3 MPH)
|
Bottom of the 6th over - 0 runs, 0 hits, 0 errors, 2 left on base; Arizona 3 - Los Angeles 6 |
TOP OF THE 7TH |
Arizona Diamondbacks batting - Pitching for Los Angeles Dodgers : RHP Mike Foltynewicz
|
Batting: LHB Ryan McMahon
|
0-0: Fly out, F8 (Flyball, 8LM, EV 91.9 MPH)
|
Batting: SHB Francisco Mejia
|
0-0: Fly out, F7 (Flyball, 7S, EV 82.5 MPH)
|
Batting: LHB Raimel Tapia
|
0-0: Fly out, F8 (Line Drive, 8LD, EV 85.0 MPH)
|
Top of the 7th over - 0 runs, 0 hits, 0 errors, 0 left on base; Arizona 3 - Los Angeles 6 |
BOTTOM OF THE 7TH |
Los Angeles Dodgers batting - Pitching for Arizona Diamondbacks : RHP Kodi Whitley
|
Pitching: RHP Blake Treinen
|
|
Batting: RHB Mookie Betts
|
0-0: Called Strike 0-1: Called Strike 0-2: Ball 1-2: Ball 2-2: Foul Ball, location: 2F 2-2: Ball 3-2: Foul Ball, location: 2F 3-2: Base on Balls
|
Batting: RHB Jesus Aguilar
|
0-0: Ball Wild Pitch! Mookie Betts to second 1-0: Foul Ball, location: 2F 1-1: Swinging Strike 1-2: Ball 2-2: Foul Ball, location: 2F 2-2: Ground out 6-3 (Groundball, 6, EV 98.1 MPH)
|
Batting: LHB Michael Brantley
|
0-0: Ball 1-0: Foul Ball, location: 2F 1-1: Foul Ball, location: 2F 1-2: Foul Ball, location: 2F 1-2: Fly out, F9 (Flyball, 9S, EV 80.0 MPH)
|
Batting: SHB Eduardo Escobar
|
0-0: Ball 1-0: Swinging Strike 1-1: Ball 2-1: Ball 3-1: Foul Ball, location: 2F 3-2: Strikes out swinging
|
Bottom of the 7th over - 0 runs, 0 hits, 0 errors, 1 left on base; Arizona 3 - Los Angeles 6 |
TOP OF THE 8TH |
Arizona Diamondbacks batting - Pitching for Los Angeles Dodgers : RHP Mike Foltynewicz
|
Pinch Hitting: RHB Christian Walker
|
0-0: Called Strike 0-1: Foul Ball, location: 2F 0-2: Ball 1-2: Strikes out swinging
|
Batting: RHB Ramon Laureano
|
0-0: Called Strike 0-1: SINGLE (Groundball, 6MD, EV 106.3 MPH)
|
Batting: RHB Fernando Tatis Jr.
|
0-0: Swinging Strike 0-1: Ball 1-1: Swinging Strike 1-2: Strikes out swinging
|
Batting: RHB Gleyber Torres
|
0-0: Called Strike 0-1: SINGLE (Line Drive, 7LS, EV 86.9 MPH) Ramon Laureano to second
|
Batting: RHB Anthony Rendon
|
0-0: Ball 1-0: Ball 2-0: Fly out, F4 (Flyball, 34D, EV 93.1 MPH)
|
Top of the 8th over - 0 runs, 2 hits, 0 errors, 2 left on base; Arizona 3 - Los Angeles 6 |
BOTTOM OF THE 8TH |
Los Angeles Dodgers batting - Pitching for Arizona Diamondbacks : RHP Blake Treinen
|
Pitching: LHP Paul Fry
|
|
Batting: RHB Jonathan Schoop
|
0-0: Ball 1-0: Foul Ball, location: 2F 1-1: Called Strike 1-2: Foul Ball, location: 2F 1-2: Foul Ball, location: 2F 1-2: Strikes out swinging
|
Batting: RHB Randal Grichuk
|
0-0: Called Strike 0-1: Ball 1-1: Ball 2-1: Ball 3-1: Swinging Strike 3-2: Strikes out swinging
|
Batting: LHB Dom Nunez
|
0-0: Ball 1-0: Foul Ball, location: 2F 1-1: Foul Ball, location: 2F 1-2: Ball 2-2: Ball 3-2: Strikes out swinging
|
Bottom of the 8th over - 0 runs, 0 hits, 0 errors, 0 left on base; Arizona 3 - Los Angeles 6 |
TOP OF THE 9TH |
Arizona Diamondbacks batting - Pitching for Los Angeles Dodgers : RHP Mike Foltynewicz
|
Pitching: RHP Cody Allen
|
|
Batting: LHB Alex Verdugo
|
0-0: Ball 1-0: Ball 2-0: Ball 3-0: Called Strike 3-1: Base on Balls
|
Batting: LHB Ryan McMahon
|
0-0: Ball 1-0: Grounds into double play, 3-6-3 (Groundball, 3, EV 84.4 MPH)
|
Batting: SHB Francisco Mejia
|
0-0: Ball 1-0: Ball 2-0: DOUBLE (Flyball, 78XD, EV 111.3 MPH)
|
Batting: LHB Raimel Tapia
|
0-0: Ball 1-0: Ground out U3 (Groundball, 3, EV 98.8 MPH)
|
Top of the 9th over - 0 runs, 1 hit, 0 errors, 1 left on base; Arizona 3 - Los Angeles 6 |
|